 Dungeon Crawl Stone Soup version 0.28.0 (webtiles) character file.

Game seed: 8485398143018687244

150 lawman0 the Cutter (level 5, -2/31 HPs)
             Began as a Kobold Warper on Feb 7, 2022.
             Slain by an orc (4 damage)
             ... on level 4 of the Dungeon.
             The game lasted 00:05:41 (3877 turns).

lawman0 the Cutter (Kobold Warper)                  Turns: 3877, Time: 00:05:42

Health: -2/31      AC:  6    Str:  8    XL:     5   Next: 58%
Magic:  8/8        EV: 14    Int: 17    God:
Gold:   153        SH:  0    Dex: 14    Spells: 2/8 levels left

rFire   + . .      SeeInvis .   a - +0 short sword
rCold   + . .      Faith    .   (no shield)
rNeg    . . .      Spirit   .   b - +0 leather armour
rPois   .          Reflect  .   q - +0 helmet
rElec   .          Harm     .   (no cloak)
rCorr   .          Rampage  .   o - +0 pair of gloves
Will    .....                   s - +0 pair of boots
Stlth   +++.......              (no amulet)
HPRegen 0.10/turn               p - ring of protection from cold
MPRegen 0.11/turn               g - ring of protection from fire

@: no status effects
A: small, no large weapons, nightstalker 3
a: no special abilities


You were on level 4 of the Dungeon.
You visited 1 branch of the dungeon, and saw 6 of its levels.

You collected 153 gold pieces.

Inventory:

Hand Weapons
 a - a +0 short sword (weapon)
Missiles
 d - 5 boomerangs of dispersal
 k - a boomerang (quivered)
 m - 3 poisoned darts
Armour
 b - a +0 leather armour (worn)
 o - a +0 pair of gloves (worn)
 q - a +0 helmet (worn)
 s - a +0 pair of boots (worn)
Jewellery
 g - a ring of protection from fire (right hand)
 i - a ring of magical power
 p - a ring of protection from cold (left hand)
Scrolls
 c - 2 scrolls of blinking
 h - a scroll of immolation
Potions
 e - 2 potions of haste {unknown}
 l - a potion of heal wounds {unknown}
 n - a potion of cancellation {unknown}
 t - a potion of curing {unknown}


   Skills:
 + Level 2.7 Fighting
 + Level 3.9 Short Blades
 + Level 1.6 Throwing
 + Level 1.7 Armour
 + Level 3.2 Dodging
 + Level 3.2 Stealth
 + Level 2.3 Spellcasting
 + Level 0.1 Hexes
 + Level 3.2 Translocations


You had 2 spell levels left.
You knew the following spells:

 Your Spells              Type           Power      Damage    Failure   Level
a - Blink                 Tloc           26%        N/A       11%         2
b - Teleport Other        Tloc           13%        N/A       21%         3
c - Slow                  Hex            8%         N/A       26%         1

Your spell library contained the following spells:

 Spells                   Type           Power      Damage    Failure   Level
 Gell's Gravitas          Tloc           13%        N/A       21%         3
 Lesser Beckoning         Tloc           13%        N/A       21%         3
 Confusing Touch          Hex            2%         N/A       58%         3
 Conjure Flame            Conj/Fire      1%         6-21      61%         3
 Ignite Poison            Fire/Tmut/Pois 1%         N/A       61%         3
 Vampiric Draining        Necr           1%         2d6       61%         3
 Manifold Assault         Tloc           13%        N/A       88%         5
 Sticky Flame             Conj/Fire      1%         2d3       95%         4


Dungeon Overview and Level Annotations

Branches:
Dungeon (6/15)
 Temple: D:4-7

Altars:


Innate Abilities, Weirdness & Mutations

You are small and have problems with some larger weapons.
You are completely attuned to the shadows.


Message History

The orc is heavily wounded.
The orc hits you with a +0 whip. The orc barely misses you.
The orc closely misses you. The orc barely misses you.
Blink to where?
Press: ? - help, Dir - move target
As you read the scroll of blinking, it crumbles to dust.
An orc priest comes into view. It is wielding a +0 dagger.
The orc priest looks braver for a moment.
Found a stone staircase leading up.
An orc comes into view.
It is wielding a +2 flail of protection.
The orc misses you.
An orc wizard comes into view.
It is wielding a +0 dagger and wearing a +2 robe of the Archmagi.
The orc hits you with a +2 flail of protection.
The orc wizard shouts!
You hit the orc but do no damage.
You hear a shout!
The orc closely misses you.
You hit the orc.
The orc is heavily wounded.
The orc hits you with a +0 whip.
* * * LOW HITPOINT WARNING * * *
The orc misses you.
You hit the orc but do no damage.
The orc is heavily wounded.
The orc closely misses you.
An orc comes into view. It is wielding a +0 whip.
Okay, then.
You barely miss the orc wizard. The orc barely misses you.
You hit the orc wizard.
The orc wizard is moderately wounded.
The orc wizard hits you with a +0 dagger.
* * * LOW HITPOINT WARNING * * *
The orc hits you with a +0 whip.
* * * LOW HITPOINT WARNING * * *
You miss the orc wizard. You punch the orc wizard.
The orc wizard is heavily wounded.
The orc wizard casts a spell at you. You resist with some effort.
The orc hits you with a +0 whip.
You die...

########## #...o@oo..
.# ##.####o.. .#
#.#..#########.###
#.#..o.......o.......
#.##.########........
#....# #........
###### #o.o.....
#.oZ..... #........


You could see an orc wizard and 3 orcs.

Vanquished Creatures
  A bullfrog zombie (D:5)
  A hound (D:5)
  A hound skeleton (D:4)
  2 adders
  2 worms (D:3)
  A dart slug (D:2)
  4 ball pythons
  7 endoplasms
  A giant cockroach (D:1)
  2 hobgoblins (D:1)
  7 jackals (D:1)
  3 quokkas
  4 bats
  2 goblins
  4 kobolds (D:1)
  4 rats
46 creatures vanquished.

Notes
Turn   | Place    | Note
-------+----------+-------------------------------------------
     0 | D:1      | lawman0 the Kobold Warper began the quest for the Orb.
     0 | D:1      | Reached XP level 1. HP: 12/12 MP: 3/3
    19 | D:1      | Noticed an electric eel
   380 | D:1      | Reached XP level 2. HP: 18/18 MP: 5/5
   397 | D:1      | Learned a level 2 spell: Blink
   871 | D:1      | Reached skill level 1 in Stealth
   871 | D:1      | Reached XP level 3. HP: 22/22 MP: 6/6
   922 | D:1      | Reached skill level 1 in Armour
  1594 | D:2      | Found a faded altar of an unknown god.
  1995 | D:2      | Reached XP level 4. HP: 20/27 MP: 7/7
  2107 | D:2      | Learned a level 3 spell: Teleport Other
  2109 | D:2      | Learned a level 1 spell: Slow
  2958 | D:3      | You fall into a shaft and drop 3 floors!
  2959 | D:6      | lol
  3024 | D:6      | Noticed a water moccasin
  3126 | D:5      | Entered Level 5 of the Dungeon
  3156 | D:5      | Reached XP level 5. HP: 18/31 MP: 8/8
  3345 | D:5      | HP: 1/31 [bullfrog zombie (5)]
  3662 | D:5      | Noticed a centaur
  3877 | D:4      | Slain by an orc

Illustrated notes

...##
##
.......
..#.#
#...#
#@.#
#..#
#....
##.###
.#


Turn 2959 on D:6: lol

Levels and vault maps discovered:
D:1:      arrival_aquarium_a, layout_loops_ring, serial_forest,
          infiniplex_forest_lined_2, infiniplex_forest_end_3,
          infiniplex_forest_lined_room_, infiniplex_forest_straight_5,
          infiniplex_forest_clump_small, infiniplex_forest_lined_3,
          infiniplex_forest_lined_2
D:2:      layout_loops_ring, shapermc_ecumenical_altar_mp_ritualfount,
          due_unseen_surprise
D:3:      layout_basic
D:4:      layout_basic, grunt_ministairs_7, minmay_mini_ossuary, uniq_duvessa
D:5:      layout_cave_pools, temple_pool_b, gammafunk_ghost_icy,
          kennysheep_opposing_triangles
D:6:      layout_loops_corners, lemuel_coloured_pillars_altar, minitemple

Skill      XL: |  1  2  3  4  5 |
---------------+----------------+-----
Short Blades   | 3 |  3.9
Stealth        | 1 2 3 |  3.2
Armour         | 1 |  1.7
Dodging        | 3 |  3.2
Fighting       | |  2.7
Throwing       | |  1.6
Spellcasting   | |  2.3
Hexes          | |  0.1
Translocations | |  3.2

Action                   |  1- 3 |  4- 6 || total
-------------------------+-------+-------++-------
Melee: Short sword       |   109 |   108 ||   217
       Punch             |     1 |     4 ||     5
Throw: Boomerang         |     3 |    10 ||    13
       Dart              |       |    12 ||    12
 Cast: Slow              |       |     2 ||     2
  Use: Scroll            |       |     6 ||     6
 Stab: Sleeping          |    16 |     4 ||    20
Armor: Leather armour    |    20 |    20 ||    40
Dodge: Dodged            |    67 |    74 ||   141
